 Dungeon Crawl Stone Soup version 0.19.1 (webtiles) character file.

63 M4edhros the Grave Robber (level 4, -20/40 HPs)
             Began as an Octopode Necromancer on Dec 14, 2016.
             Demolished by an ogre
             ... wielding a +0 giant club
              (22 damage)
             ... on level 4 of the Dungeon.
             The game lasted 00:03:13 (534 turns).

M4edhros the Grave Robber (Octopode Necromancer)     Turns: 534, Time: 00:03:13

Health: -20/40     AC:  1    Str: 12    XL:     4   Next: 10%
Magic:  2/7        EV: 13    Int: 17    God:
Gold:   37         SH:  0    Dex: 13    Spells: 3 memorised, 2 levels left

rFire  . . .     SeeInvis .       - Unarmed
rCold  . . .     Gourm    .     (no shield)
rNeg   . . .     Faith    .     (helmet restricted)
rPois  .         Spirit   .     l - amulet of rage
rElec  .         Reflect  .     (no ring)
rCorr  .         Harm     .     (no ring)
MR     .....                    (no ring)
Stlth  ..........               (no ring)
                                (no ring)
                                (no ring)
                                (no ring)
                                (no ring)

@: berserking, very quick
A: almost no armour, stealthy swim, amphibious, 8 rings, constrict 8, camouflage
1, gelatinous body 1
a: Evoke Berserk Rage


You were on level 4 of the Dungeon.
You were not hungry.

You visited 1 branch of the dungeon, and saw 4 of its levels.

You collected 37 gold pieces.

Inventory:

Jewellery
 l - an amulet of rage (around mantle)
 m - the amulet "Vew Qyac" {Spirit rF+ rC- MR+}
   (You found it on level 4 of the Dungeon)

   [amulet of guardian spirit]

   It causes incoming damage to be split between your health and magic.
   It protects you from fire.
   It makes you vulnerable to cold.
   It affects your resistance to hostile enchantments.
Scrolls
 d - a scroll of magic mapping {unknown}
 f - a scroll of fear {unknown}
 g - 2 scrolls of enchant weapon {unknown}
 h - a scroll of noise {unknown}
 k - a scroll of identify {unknown}
Books
 a - a book of Necromancy

   Spells                             Type                      Level
   a - Pain                           Necromancy                   1
   b - Animate Skeleton               Necromancy                   1
   c - Vampiric Draining              Necromancy                   3
   d - Regeneration                   Charms/Necromancy            3
   e - Animate Dead                   Necromancy                   4
   f - Control Undead                 Necromancy                   4
 e - a book of Maledictions

   Spells                             Type                      Level
   a - Corona                         Hexes                        1
   b - Ensorcelled Hibernation        Hexes/Ice                    2
   c - Confuse                        Hexes                        3
   d - Tukima's Dance                 Hexes                        3
   e - Dazzling Spray                 Conjuration/Hexes            3
Comestibles
 b - 3 bread rations
 c - 2 fruits
 j - a chunk of flesh


   Skills:
 - Level 2.0 Dodging
 - Level 2.6 Stealth
 + Level 3.6 Unarmed Combat
 - Level 2.0 Spellcasting
 - Level 4.0 Necromancy


You had 2 spell levels left.
You knew the following spells:

 Your Spells              Type           Power        Failure   Level  Hunger
a - Pain                  Necr           ###.         3%          1    #......
b - Animate Skeleton      Necr           N/A          3%          1    #......
c - Regeneration          Chrm/Necr      #.........   24%         3    ###....


Dungeon Overview and Level Annotations

Branches:
Dungeon (4/15)
 Temple: D:4-7

Altars:
Qazlal
Ru


Innate Abilities, Weirdness & Mutations

You cannot wear most types of armour.
You are very stealthy in the water. (Stealth+)
You are amphibious.
You can wear up to eight rings at the same time.
You can use your tentacles to constrict eight enemies at once.
Your skin changes colour to match your surroundings (Stealth+).
Your rubbery body absorbs attacks. (AC +1, EV +1)


Message History

You remove the amulet "Vew Qyac" {Spirit rF+ rC- MR+}.
The orc hits you with a falchion.
* * * LOW HITPOINT WARNING * * *
l - an amulet of rage (around mantle)
You fail to use your ability.
The orc wizard hits the plant but does no damage.
The orc hits you with a falchion.
* * * LOW HITPOINT WARNING * * *
The ogre closely misses you.
You fail to use your ability.
The orc hits you with a falchion.
* * * LOW HITPOINT WARNING * * *
The ogre misses you.
A red film seems to cover your vision as you go berserk!
You feel yourself moving faster!
You feel mighty!
You feel a lot more hungry. The orc closely misses you.
You bludgeon the ogre!
The ogre is heavily wounded.
The ogre hits you with a giant club!!
Ouch! That really hurt!
You die...

#....#....## ....
........#..# .....
#......#.#..(...
#......#........
##......###......
.........###......
########..........
#O##########. #@# #...
###o# #..# #.oo# ..#
########.#.######>####
.............^.......#
.....PP...P..o.PPPP..#
♣..P♣♣♣P..♣♣♣P..♣♣♣P..
. ♣.. ♣P..♣ ♣..P♣ .o.
♣ ♣♣P..♣♣♣P..♣♣♣.....


You could see an ogre, an orc wizard and 2 orcs.

Vanquished Creatures
  A howler monkey (D:4)
  An adder (D:3)
  An adder skeleton (D:4)
  2 bats (D:3)
  A giant cockroach (D:1)
  3 goblins (D:3)
  A hobgoblin (D:3)
  A frilled lizard (D:3)
  A kobold (D:3)
  3 rats
15 creatures vanquished.

Notes
Turn   | Place    | Note
-------+----------+-------------------------------------------
     0 | D:1      | M4edhros the Octopode Necromancer began the quest for the Orb.
     0 | D:1      | Reached XP level 1. HP: 11/11 MP: 3/3
   117 | D:2      | Found a sacrificial altar of Ru.
   151 | D:3      | Reached skill level 1 in Unarmed Combat
   195 | D:4      | Noticed an orc wizard
   195 | D:4      | Noticed an orc wizard
   208 | D:3      | Reached XP level 2. HP: 9/17 MP: 0/5
   232 | D:3      | Found a stormy altar of Qazlal.
   233 | D:3      | Noticed an earth elemental
   235 | D:3      | Noticed a fire elemental
   235 | D:3      | Noticed a water elemental
   235 | D:3      | Noticed an air elemental
   268 | D:3      | Noticed a scorpion
   423 | D:3      | Learned a level 1 spell: Animate Skeleton
   469 | D:4      | Reached XP level 3. HP: 14/21 MP: 6/6
   474 | D:4      | Learned a level 3 spell: Regeneration
   482 | D:4      | Got a vibrating bone amulet
   483 | D:4      | Identified the amulet "Vew Qyac" {Spirit rF+ rC- MR+} (You found it on level 4 of the Dungeon)
   528 | D:4      | Reached XP level 4. HP: 11/27 MP: 2/7
   529 | D:4      | Noticed an ogre
   532 | D:4      | HP: 1/27 [orc/falchion (4)]
   534 | D:4      | Demolished by an ogre

Skill      XL: |  1  2  3 |
---------------+----------+-----
Unarmed Combat | 1 2 3 |  3.6
Dodging        | |  2.0
Stealth        | |  2.6
Spellcasting   | |  2.0
Necromancy     | |  4.0

Action                   |  1- 3 |  4- 6 || total
-------------------------+-------+-------++-------
Melee: Unarmed           |    17 |     1 ||    18
       Constrict         |     4 |       ||     4
       Tentacles         |     5 |       ||     5
 Cast: Pain              |    16 |       ||    16
       Animate Skeleton  |     1 |       ||     1
 Abil: Evoke Berserk Rag |       |     1 ||     1
  Use: Potion            |     2 |       ||     2
 Stab: Sleeping          |     5 |       ||     5
Dodge: Dodged            |    10 |     3 ||    13
